 Dungeon Crawl Stone Soup version 0.14-a0-2632-gd2f732a (webtiles) character file.

2201 MrRokkomies the Cleaver (level 9, -1/74 HPs)
             Began as a Lava Orc Berserker on Feb 15, 2014.
             Was an Elder of Trog.
             Slain by an orc warrior (8 damage)
             ... in a bailey.
             The game lasted 00:22:33 (6649 turns).

MrRokkomies the Cleaver (Lava Orc Berserker)        Turns: 6649, Time: 00:22:33

HP  -1/74        AC 12     Str 23      XL: 9   Next:  2%
MP   9/9         EV  6     Int  7      God: Trog [****..]
Gold 191         SH 16     Dex 10      Spells:  0 memorised,  8 levels left

rFire  + + +     SeeInvis .     K - +1,+5 war axe (venom)
rCold  x . .     Clarity  .     v - +2 orc scale mail
rNeg   . . .     Conserve .     x - +0 orc shield
rPois  .         rCorr    .     z - +2 hat
rElec  .         rRot     .     (no cloak)
SustAb . .       Spirit   .     (no gloves)
rMut   .         Warding  .     (no boots)
Saprov + . .     Stasis   .     (no amulet)
MR     ++...                    (no ring)
                                (no ring)

@: regenerating, very resistant to hostile enchantments, extremely unstealthy
A: conserve scrolls, saprovore 1
a: Burn Spellbooks, Berserk, Trog's Hand, Brothers in Arms, Renounce Religion


You were in a bailey.
You worshipped Trog.
Trog was greatly pleased with you.
You were hungry.

You visited 1 branch of the dungeon, and saw 7 of its levels.
You also visited: Sewer and Bailey.

You collected 283 gold pieces.
You spent 92 gold pieces at shops.

Inventory:

Hand weapons
 a - a +0,+0 orcish hand axe
 d - a +0,+1 sling of velocity
 E - a +1,+1 broad axe
 F - a +0,+1 orcish crossbow
 K - a +1,+5 war axe of venom (weapon)
Missiles
 g - 2 needles of paralysis
 p - 2 tomahawks (quivered)
 y - 8 poisoned needles
 P - 51 bolts
Armour
 v - a +2 orcish scale mail (worn)
 x - a +0 orcish shield (worn)
 z - a +2 hat (worn)
Magical devices
 L - a wand of cold (2)
Comestibles
 c - 4 meat rations
 m - a honeycomb
 w - a bread ration
 B - 14 strawberries
Scrolls
 f - 2 scrolls of recharging {unknown}
 j - 8 scrolls of remove curse
 q - 2 scrolls of blinking
 t - a scroll of enchant weapon I {unknown}
 u - 4 scrolls of teleportation {unknown}
 A - a scroll of fog {unknown}
 C - a scroll of magic mapping {unknown}
 G - a scroll of fear {unknown}
 I - a scroll of enchant armour {unknown}
 J - 2 scrolls of identify
 N - a scroll of enchant weapon II {unknown}
Jewellery
 b - an uncursed ring of fire
 O - a +3 ring of strength {unknown}
Potions
 h - 4 potions of curing
 i - a potion of heal wounds {unknown}
 k - a potion of mutation {unknown}
 l - 2 potions of invisibility {unknown}
 n - a potion of cure mutation {unknown}
 o - 4 potions of flight
 r - 2 potions of speed
 s - 2 potions of might {unknown}
 D - a potion of restore abilities {unknown}


   Skills:
 - Level 5.4 Fighting
 + Level 11.2 Axes
 * Level 7.8 Armour
 - Level 1.5 Dodging


You had 8 spell levels left.
You didn't know any spells.

Dungeon Overview and Level Annotations

Branches:
Dungeon (7/16)             Temple (0/1) D:6

Altars:
Xom
Zin

Shops:
D:4 !   D:7 (


Innate Abilities, Weirdness & Mutations

You have stony skin.
Your flesh is almost immune to the effects of heat.
Your fire spells are more powerful.
Your flesh is vulnerable to cold.
Your heat harms attackers.
You bathe your surroundings in blazing heat.
You are too hot to use scrolls.
You are very good at protecting items from fire.
You can tolerate rotten meat.


Message History

You barely miss the orc warrior.
The orc warrior is heavily wounded.
The orc warrior is burned by your radiant heat.
The orc warrior is heavily wounded.
The orc warrior hits you but does no damage.
The orc warrior is singed by your heat.
The orc warrior is severely wounded.
You miss the orc warrior.
The orc warrior is severely wounded.
The orc warrior is burned by your radiant heat.
The orc warrior is almost dead.
The orc warrior hits you!
* * * LOW HITPOINT WARNING * * *
The orc warrior is singed by your heat.
The orc warrior is almost dead.
You closely miss the orc warrior.
The orc warrior is almost dead.
The intensity of your heat diminishes. The orc warrior hits you!
You die...

##≈......#
o#≈≈......#
≈≈≈≈.......#
..........(#
...........#
............#
........(...#
.........o(..#
.........(@..#
.........(...#
#........)..(.#
..............#
..............# #.
.............#
###....≈≈≈≈≈...)...#
......≈≈#.#≈≈......#
......≈##.##≈......#


You could see an orc warrior.

Vanquished Creatures
  The ghost of 4tharraofdagon the Poker, an experienced CeGl of Dithmenos (Sewer)
  A necrophage (D:6)
  An ice beast (D:6)
  4 orc warriors (Bailey)
  A centaur (D:5)
  A phantom (D:5)
  Duvessa (D:6)
  Blork the orc (D:6)
  Dowan (D:6)
  3 hounds
  2 orc priests
  A giant frog skeleton (D:4)
  An orc wizard (D:5)
  2 iguanas (D:4)
  A quasit (D:6)
  2 worker ants (D:5)
  A sky beast zombie (D:5)
  5 gnolls (D:3)
  8 adders
  6 giant mites
  A green rat (D:4)
  6 worms
  A grey rat (D:4)
  5 giant geckos
  6 oozes
  20 orcs
  11 bats
  8 giant cockroaches
  10 goblins
  8 hobgoblins
  13 jackals
  3 quokkas
  3 ball pythons
  9 giant newts
  A goblin zombie (D:5)
  A hobgoblin skeleton (D:5)
  6 kobolds
  11 rats
  A rat zombie (D:7)
168 creatures vanquished.

Notes
Turn   | Place    | Note
--------------------------------------------------------------
     0 | D:1      | MrRokkomies, the Lava Orc Berserker, began the quest for the Orb.
     0 | D:1      | Reached XP level 1. HP: 19/19 MP: 1/1
    88 | D:1      | Reached skill level 4 in Fighting
   142 | D:1      | Reached XP level 2. HP: 13/27 MP: 2/2
  1073 | D:2      | Reached XP level 3. HP: 19/34 MP: 3/3
  1243 | D:2      | Acquired Trog's second power
  1510 | D:2      | Reached skill level 5 in Axes
  1703 | D:2      | Reached XP level 4. HP: 37/41 MP: 4/4
  2132 | D:3      | Reached skill level 5 in Fighting
  2177 | D:3      | Reached XP level 5. HP: 4/48 MP: 5/5
  2376 | D:3      | Reached skill level 6 in Axes
  2698 | D:3      | Found a shimmering altar of Xom.
  3185 | D:4      | Reached XP level 6. HP: 31/56 MP: 6/6
  3255 | D:4      | Found Zowauter's Distillery.
  3261 | D:4      | Reached skill level 7 in Axes
  3724 | D:4      | Found a glowing drain.
  3757 | Sewer    | Entered a sewer
  3810 | Sewer    | Acquired Trog's third power
  4019 | Sewer    | Noticed 4tharraofdagon's ghost (experienced CeGl)
  4041 | Sewer    | Killed 4tharraofdagon's ghost
  4041 | Sewer    | Reached skill level 9 in Axes
  4041 | Sewer    | Reached XP level 7. HP: 61/61 MP: 7/7
  4291 | Sewer    | Reached skill level 5 in Armour
  4553 | D:5      | Entered Level 5 of the Dungeon
  4856 | D:5      | Reached XP level 8. HP: 54/69 MP: 8/8
  5208 | D:5      | Found a glowing silver altar of Zin.
  5360 | D:6      | Found a staircase to the Ecumenical Temple.
  5362 | D:6      | Noticed Dowan
  5366 | D:6      | Noticed Duvessa
  5377 | D:6      | Killed Duvessa
  5377 | D:6      | Reached skill level 10 in Axes
  5378 | D:6      | Killed Dowan
  5497 | D:6      | Noticed Blork the orc
  5509 | D:6      | Killed Blork the orc
  6010 | D:7      | Found Ryireb's Antique Weapon Boutique.
  6015 | D:7      | Bought a glowing hand axe for 92 gold pieces
  6144 | D:7      | Found a flagged portal.
  6156 | Bailey   | Entered a bailey
  6362 | Bailey   | Reached skill level 11 in Axes
  6645 | Bailey   | Reached XP level 9. HP: 23/74 MP: 9/9
  6649 | Bailey   | Slain by an orc warrior

Action                   |  1- 3 |  4- 6 |  7- 9 || total
-------------------------+-------+-------+-------++-------
Melee: Hand axe          |   109 |   149 |       ||   258
       Broad axe         |       |    43 |   128 ||   171
       War axe           |       |       |    39 ||    39
 Fire: Sling             |       |       |    23 ||    23
       Crossbow          |       |       |     4 ||     4
Throw: Tomahawk          |       |     2 |     9 ||    11
Invok: Berserk           |       |     2 |     2 ||     4
       Burn Spellbooks   |       |     1 |       ||     1
       Trog's Hand       |       |       |     1 ||     1
Evoke: Wand              |       |       |     1 ||     1
  Use: Scroll            |     2 |     5 |     4 ||    11
       Potion            |       |       |     1 ||     1
